 Dungeon Crawl Stone Soup version 0.26-a0-682-g294304f6e8 (webtiles) character file.

Game seed: 8522823123683116120

233 Asdor the Poker (level 5, -2/38 HPs)
             Began as a Demonspawn Gladiator on Oct 21, 2020.
             Killed from afar by a white imp (8 damage)
             ... with a puff of frost
             ... summoned by Natasha
             ... on level 3 of the Dungeon.
             The game lasted 00:04:14 (3181 turns).

Asdor the Poker (Demonspawn Gladiator)              Turns: 3181, Time: 00:04:15

Health: -2/38      AC:  3    Str: 15    XL:     5   Next: 75%
Magic:  0/5        EV: 12    Int: 10    God:
Gold:   166        SH:  0    Dex: 14    Spells: 4/4 levels left

rFire    . . .     SeeInvis .   a - +0 trident
rCold    . . .     Faith    .   (no shield)
rNeg     . . .     Spirit   +   b - +0 leather armour
rPois    .         Reflect  .   (helmet restricted)
rElec    .         Harm     .   (no cloak)
rCorr    .         Rampage  .   (no gloves)
MR       .....                  (no boots)
Stlth    +.........             (no amulet)
HPRegen  0.12/turn              (no ring)
MPRegen  0.09/turn              (no ring)

@: brilliant, slowed, very slow
A: horns 1, demonic guardian 1, magic shield
a: no special abilities


You were on level 3 of the Dungeon.
You visited 1 branch of the dungeon, and saw 3 of its levels.

You collected 166 gold pieces.

Inventory:

Hand Weapons
 a - a +0 trident (weapon)
Missiles
 d - 3 throwing nets (quivered)
Armour
 b - a +0 leather armour (worn)
 c - a +0 helmet
Jewellery
 m - an uncursed ring of see invisible {unknown}
Wands
 n - a wand of acid (4)
Scrolls
 e - 4 scrolls of identify {unknown}
 h - 2 scrolls of amnesia {unknown}
 j - a scroll of magic mapping {unknown}
 k - 2 scrolls of fog {unknown}
 l - 2 scrolls of enchant weapon {unknown}
 p - a scroll of random uselessness {unknown}
Potions
 i - a potion of magic {unknown}
 o - a potion of heal wounds {unknown}


   Skills:
 - Level 2.0 Fighting
 + Level 4.6 Polearms
 + Level 4.1 Throwing
 - Level 2.6 Dodging


You had 4 spell levels left.
You didn't know any spells.
Your spell library was empty.

Dungeon Overview and Level Annotations

Branches:
Dungeon (3/15)

Altars:
Ru

Annotations:
D:3 Natasha


Innate Abilities, Weirdness & Mutations

You have a pair of small horns on your head.
A weak demonic guardian rushes to your aid.
When hurt, damage is shared between your health and your magic reserves.


Message History

Your quasit closely misses the white imp.
The white imp hits you but does no damage.
It was a potion of brilliance.
You feel clever all of a sudden.
Your quasit completely misses the white imp.
Your quasit claws the white imp. x2
The white imp gestures at you. The puff of frost misses you.
Your quasit misses Natasha.
Your quasit closely misses Natasha.
Your quasit claws Natasha but does no damage.
It was a potion of curing.
You feel better. The white imp gestures at you. The puff of frost hits you!
* * * LOW HITPOINT WARNING * * *
Something misses your quasit.
Your quasit barely misses the white imp. x2
Your quasit claws the white imp but does no damage.
The white imp gestures at you. The puff of frost hits you!
You die...

#.### #)## .# #.#
#.##########..###.#
..................#
...............#..#
#............##..[#
#.........)#.#...#
#.##......##.#..(.#
#.#....#.##.....#
#.#.####.#@#.....#
.#.# ##.#5.5...#
..# ##.5.....# ...
.............# ..
............##
....##......# #..#
.#.....# ###
.#!#....# # # ....#


You could see 2 white imps and a friendly quasit (summoned).

Vanquished Creatures
  Natasha (twice) (D:3)
  5 adders (D:2)
  5 oozes
  5 worms
  A dart slug (D:1)
  A leopard gecko (D:2)
  10 bats
  A giant cockroach (D:1)
  3 goblins
  4 hobgoblins
  3 jackals (D:1)
  A quokka (D:2)
  A ball python (D:1)
  2 frilled lizards (D:1)
  12 kobolds
  7 rats
63 creatures vanquished.

Vanquished Creatures (collateral kills)
  A hound (D:2)
  A jelly (D:2)
  5 oozes (D:2)
7 creatures vanquished.

Vanquished Creatures (others)
  2 fungi (D:2)
  9 toadstools (D:2)
11 creatures vanquished.

Grand Total: 81 creatures vanquished

Notes
Turn   | Place    | Note
-------+----------+-------------------------------------------
     0 | D:1      | Asdor the Demonspawn Gladiator began the quest for the Orb.
     0 | D:1      | Reached XP level 1. HP: 16/16 MP: 1/1
    85 | D:1      | Gained mutation: A weak demonic guardian rushes to your
                  | aid. [demonic ancestry]
    85 | D:1      | Reached XP level 2. HP: 21/22 MP: 2/2
   821 | D:2      | Gained mutation: You have a pair of small horns on your
                  | head. [demonic ancestry]
   821 | D:2      | Reached XP level 3. HP: 27/27 MP: 3/3
  1140 | D:2      | Gained mutation: When hurt, damage is shared between your
                  | health and your magic reserves. [demonic ancestry]
  1140 | D:2      | Reached XP level 4. HP: 24/33 MP: 4/4
  1428 | D:2      | Reached XP level 5. HP: 18/38 MP: 5/5
  1974 | D:2      | Found a sacrificial altar of Ru.
  2961 | D:3      | Noticed Natasha
  2967 | D:3      | Killed Natasha
  2983 | D:3      | Noticed Natasha
  2993 | D:3      | Killed Natasha
  3168 | D:3      | Noticed Natasha
  3181 | D:3      | Killed from afar by a white imp

Illustrated notes

Levels and vault maps discovered:
D:1:      psy_arrival_basics, layout_basic
D:2:      cheibrodos_fertilizer, layout_basic, nicolae_ru_sacrificial_ziggurat
D:3:      minmay_roachtagon, layout_loops_ring, lemuel_round_altar,
          gammafunk_ghost_necromancy, minmay_misc_feat_pillars,
          minmay_misc_feat_secret_circle, uniq_sigmund, uniq_natasha

Skill      XL: |  1  2  3  4  5 |
---------------+----------------+-----
Throwing       | 2 3 4 |  4.1
Polearms       | 3 4 |  4.6
Fighting       | |  2.0
Dodging        | |  2.6

Action                   |  1- 3 |  4- 6 || total
-------------------------+-------+-------++-------
Melee: Trident           |    87 |   130 ||   217
       Headbutt          |     3 |    11 ||    14
  Use: Potion            |       |     2 ||     2
 Stab: Distracted        |     1 |       ||     1
       Sleeping          |       |     4 ||     4
Armor: Leather armour    |    23 |    21 ||    44
Dodge: Dodged            |    67 |    65 ||   132

Table legend: (Time is in decaauts)
 A = Elapsed time spent in this place.
 B = Non-inter-level travel time spent in this place.
 C = Inter-level travel time spent in this place.
 D = Time resting spent in this place.
 E = Time spent auto-exploring this place.
 F = Levels seen in this place.
 G = Mean time per level.
                   A        B        C        D        E       F      G
               +--------+--------+--------+--------+--------+-----+--------+
         Total |   3224 |   2991 |    233 |    660 |   1890 |   3 | 1074.7 |
       Dungeon |   3224 |   2991 |    233 |    660 |   1890 |   3 | 1074.7 |
               +--------+--------+--------+--------+--------+-----+--------+

Top non-repeatable levels by time:
     D:2: 2129 daAuts
     D:1: 821 daAuts
     D:3: 273 daAuts
